 Dungeon Crawl Stone Soup version 0.20.1-1-g8b1a95d (webtiles) character file.

2313 Haldmier the Vexing (level 9, -1/44 HPs)
             Began as a Spriggan Enchanter on Oct 14, 2017.
             Was a Believer of Ashenzari.
             Slain by Prince Ribbit (14 damage)
             ... on level 7 of the Dungeon.
             The game lasted 00:41:51 (8544 turns).

Haldmier the Vexing (Spriggan Enchanter)            Turns: 8544, Time: 00:41:52

Health: -1/44      AC:  6    Str:  4    XL:     9   Next: 18%
Magic:  0/18       EV: 21    Int: 24    God:    Ashenzari [**....]
Gold:   240        SH:  7    Dex: 16    Spells: 7/19 levels left

rFire    + + .     SeeInvis +   p - +2 dagger (speed) (curse)
rCold    . . .     Gourm    .   k - +0 buckler (curse)
rNeg     . . .     Faith    .   s - +2 robe {rF+}
rPois    .         Spirit   .   (helmet restricted)
rElec    .         Reflect  .   F - +1 cloak
rCorr    .         Harm     .   (gloves unavailable)
MR       +....                  (boots unavailable)
Stlth    ++++......             n - amulet of magic regeneration
Regen    0.2/turn               w - +4 ring of intelligence
MPRegen  0.3/turn               E - ring of protection from fire

@: very slightly contaminated, very quick
A: unfitting armour, see invisible, herbivore 3, speed 3, slow metabolism 2
a: Curse Item, Scrying, Renounce Religion


You were on level 7 of the Dungeon.
You worshipped Ashenzari.
Ashenzari was pleased with you.
You were not hungry.

You visited 2 branches of the dungeon, and saw 8 of its levels.

You collected 384 gold pieces.
You spent 144 gold pieces at shops.

Inventory:

Hand Weapons
 a - a +1 dagger
 m - a +2 whip of electrocution
 p - a cursed +2 dagger of speed (weapon)
Missiles
 e - 6 tomahawks (quivered)
Armour
 k - a cursed +0 buckler (worn)
 s - a +2 robe of fire resistance (worn)
 F - a +1 cloak (worn)
Jewellery
 n - an amulet of magic regeneration (around neck)
 v - an uncursed ring of flight
 w - a +4 ring of intelligence (left hand)
 E - a ring of protection from fire (right hand)
Wands
 b - a wand of polymorph (11/24)
 o - a wand of paralysis (16/24)
 A - a wand of enslavement (16/24)
Scrolls
 j - 2 scrolls of teleportation
 l - 4 scrolls of remove curse
 B - a scroll of enchant weapon
 G - a scroll of identify
Potions
 f - 2 potions of heal wounds
 g - a potion of resistance
 h - 4 potions of brilliance
 i - a potion of berserk rage
 q - 5 potions of curing
 r - 2 potions of agility
 t - a potion of mutation
 u - a potion of lignification {unknown}
 x - 2 potions of invisibility
 z - a potion of might {unknown}
 D - a potion of flight {unknown}
Books
 c - a book of Maledictions

   Spells                             Type                      Level
   a - Corona                         Hexes                        1
   b - Ensorcelled Hibernation        Hexes/Ice                    2
   c - Confuse                        Hexes                        3
   d - Tukima's Dance                 Hexes                        3
   e - Dazzling Spray                 Conjuration/Hexes            3
 y - a book of Flames

   Spells                             Type                      Level
   a - Flame Tongue                   Conjuration/Fire             1
   b - Throw Flame                    Conjuration/Fire             2
   c - Conjure Flame                  Conjuration/Fire             3
   d - Inner Flame                    Hexes/Fire                   3
   e - Sticky Flame                   Conjuration/Fire             4
   f - Fireball                       Conjuration/Fire             5
Comestibles
 d - 3 bread rations
 C - a royal jelly


   Skills:
 + Level 3.0 Fighting
 * Level 5.9(8.2) Short Blades
 + Level 6.1 Dodging
 - Level 7.0 Stealth
 * Level 2.7(4.0) Shields
 + Level 5.7 Spellcasting
 - Level 2.0 Conjurations
 * Level 7.3 Hexes
 - Level 2.0 Ice Magic


You had 7 spell levels left.
You knew the following spells:

 Your Spells              Type           Power        Failure   Level  Hunger
a - Corona                Hex            #####..      1%          1    None
b - Ensorcelled Hibernat  Hex/Ice        ####..       2%          2    None
c - Confuse               Hex            #####...     1%          3    #......
d - Dazzling Spray        Conj/Hex       ####..       4%          3    #......
e - Tukima's Dance        Hex            #####...     1%          3    #......


Dungeon Overview and Level Annotations

Branches:
Dungeon (7/15)             Temple (1/1) D:5

Altars:
Ashenzari
Cheibriados
Dithmenos
Elyvilon
Fedhas
Gozag
Hepliaklqana
Kikubaaqudgha
Makhleb
Nemelex Xobeh
Okawaru
Qazlal
Ru
Sif Muna
Trog
Uskayaw
Vehumet
Xom
Yredelemnul
Zin
The Shining One

Shops:
D:4 =   D:5 *   D:6 :

Annotations:
D:7 Prince Ribbit


Innate Abilities, Weirdness & Mutations

You are very small and have problems with some larger weapons.
You are too small for most types of armour.
You have supernaturally acute eyesight. (SInv)
You are a herbivore.
You cover ground extremely quickly.
You need consume almost no food.


Message History

Confirm with . or Enter, or press ? or * to list all spells.
Aiming: Ensorcelled Hibernation
Press: ? - help, Shift-Dir - straight line, f/p - Prince Ribbit
Aim: Prince Ribbit (chance to defeat MR: 40%) Prince Ribbit resists with some effort.
Prince Ribbit hits you!
* * * LOW HITPOINT WARNING * * *
Casting: Ensorcelled Hibernation
Confirm with . or Enter, or press ? or * to list all spells.
Aiming: Ensorcelled Hibernation
Press: ? - help, Shift-Dir - straight line, f/p - Prince Ribbit
Aim: Prince Ribbit (chance to defeat MR: 40%) Prince Ribbit resists with some effort.
Prince Ribbit misses you.
Casting: Ensorcelled Hibernation
Confirm with . or Enter, or press ? or * to list all spells.
Aiming: Confuse
Press: ? - help, Shift-Dir - straight line, f/p - Prince Ribbit
Aim: Prince Ribbit (chance to defeat MR: 50%) Prince Ribbit resists with significant effort.
Prince Ribbit hits you!
You die...

* ,,, * *,*
*,*##############
#.*#..........%.#
#.##.##########F#
.#.#..........,#@#
.#.##.#######.*#.#
......#.....# #.#
.#.##.#.###.# #.#
#<...#.# #.#,*#.#
#....#.# #.# #.#
##....#.# #.# #.#
....>.#.# #.# *#.#
##....#.# #.# *


You could see Prince Ribbit.

Vanquished Creatures
  Pikel (D:5)
  An ice beast (D:7)
  2 phantoms
  3 ogres
  A centaur (D:6)
  4 bullfrogs
  2 wights (D:6)
  A bullfrog zombie (D:5)
  A crimson imp (D:7)
  A hound (D:4)
  A jelly (D:6)
  5 orc priests
  2 iguanas
  Natasha (thrice) (D:3)
  4 worker ants
  A worker ant zombie (D:5)
  Robin (D:2)
  7 gnolls
  8 adders
  A shadow imp (D:5)
  An adder zombie (D:6)
  An adder skeleton (D:7)
  2 worms
  2 dart slugs (D:1)
  9 leopard geckos
  24 orcs
  A ball python (D:1)
  7 giant cockroaches
  11 goblins
  11 hobgoblins
  6 jackals
  6 kobolds
  A quokka (D:4)
  A ball python skeleton (D:6)
  6 bats
  3 frilled lizards
  A leopard gecko skeleton (D:4)
  11 rats
154 creatures vanquished.

Vanquished Creatures (collateral kills)
  Edmund (D:4)
  A wight (D:6)
  A quokka (D:6)
3 creatures vanquished.

Vanquished Creatures (others)
  2 slaves (D:5)
  2 orcs (D:5)
4 creatures vanquished.

Grand Total: 161 creatures vanquished

Notes
Turn   | Place    | Note
-------+----------+-------------------------------------------
     0 | D:1      | Haldmier the Spriggan Enchanter began the quest for the Orb.
     0 | D:1      | Reached XP level 1. HP: 9/9 MP: 5/5
   316 | D:1      | Reached XP level 2. HP: 4/13 MP: 6/6
   530 | D:1      | Learned a level 2 spell: Ensorcelled Hibernation
   826 | D:1      | Reached skill level 5 in Stealth
  1212 | D:1      | Reached XP level 3. HP: 16/16 MP: 8/8
  1217 | D:1      | Learned a level 3 spell: Confuse
  1623 | D:2      | Noticed Robin
  2096 | D:2      | Killed Robin
  2473 | D:2      | Reached XP level 4. HP: 21/21 MP: 1/9
  2827 | D:3      | Learned a level 3 spell: Dazzling Spray
  2838 | D:3      | Found a blossoming altar of Fedhas.
  2839 | D:3      | Found a burning altar of Makhleb.
  2848 | D:3      | Found a shattered altar of Ashenzari.
  2856 | D:3      | Found a glowing silver altar of Zin.
  2856 | D:3      | Found an opulent altar of Gozag.
  2982 | D:3      | Became a worshipper of Ashenzari the Shackled
  3719 | D:3      | Reached XP level 5. HP: 25/25 MP: 4/11
  4202 | D:3      | Noticed Natasha
  4214 | D:3      | Killed Natasha
  4332 | D:3      | Noticed Natasha
  4497 | D:3      | Killed Natasha
  4600 | D:3      | Noticed Natasha
  4607 | D:3      | Killed Natasha
  4685 | D:3      | Learned a level 3 spell: Tukima's Dance
  4771 | D:4      | Reached skill level 1 in Fighting
  4771 | D:4      | Reached XP level 6. HP: 30/30 MP: 9/13
  4822 | D:4      | Noticed Edmund
  4854 | D:4      | Killed Edmund
  4854 | D:4      | Reached skill level 5 in Hexes
  5224 | D:4      | Found Iluo's Jewellery Boutique.
  5641 | D:4      | Reached XP level 7. HP: 33/33 MP: 11/14
  5727 | D:5      | Entered Level 5 of the Dungeon
  5727 | D:5      | Reached * piety under Ashenzari
  5905 | D:5      | Found a glowing drain.
  6073 | D:5      | Found a staircase to the Ecumenical Temple.
  6077 | D:5      | Found Ytuwn's Assorted Antiques.
  6087 | D:5      | Bought a buckler for 144 gold pieces
  6108 | Temple   | Entered the Ecumenical Temple
  6302 | D:5      | Noticed Pikel
  6364 | D:5      | Killed Pikel
  6364 | D:5      | Reached skill level 5 in Short Blades
  6364 | D:5      | Reached skill level 5 in Dodging
  6364 | D:5      | Reached skill level 1 in Shields
  6364 | D:5      | Reached skill level 5 in Spellcasting
  6364 | D:5      | Reached skill level 1 in Ice Magic
  6364 | D:5      | Reached XP level 8. HP: 39/39 MP: 6/16
  6517 | D:5      | Found a snail-covered altar of Cheibriados.
  6625 | D:5      | Reached ** piety under Ashenzari
  6650 | D:5      | Reached skill level 1 in Conjurations
  7421 | D:6      | Found Zourgh's Book Shop.
  7723 | D:6      | Reached XP level 9. HP: 43/43 MP: 15/18
  8533 | D:7      | Noticed Prince Ribbit
  8544 | D:7      | Slain by Prince Ribbit

Skill      XL: |  1  2  3  4  5  6  7  8  9 |
---------------+----------------------------+-----
Spellcasting   | 3 4 5 |  5.7
Stealth        | 5 6 7 |  7.0
Short Blades   | 2 3 4 5 |  5.9
Hexes          | 4 5 6 7 |  7.3
Dodging        | 4 5 6 |  6.1
Fighting       | 1 2 3 |  3.0
Shields        | 1 2 |  2.7
Ice Magic      | 1 2 |  2.0
Conjurations   | 1 2 |  2.0

Action                   |  1- 3 |  4- 6 |  7- 9 || total
-------------------------+-------+-------+-------++-------
Melee: Dagger            |    83 |   182 |   212 ||   477
 Cast: Corona            |     5 |     1 |       ||     6
       Ensorcelled Hiber |    37 |    52 |    38 ||   127
       Dazzling Spray    |       |     7 |     2 ||     9
       Confuse           |       |     3 |    14 ||    17
       Tukima's Dance    |       |     1 |     4 ||     5
Invok: Curse Item        |       |     1 |     1 ||     2
  Use: Scroll            |       |     9 |     6 ||    15
       Potion            |       |     2 |       ||     2
 Stab: Sleeping          |    33 |    31 |    29 ||    93
       Invisible         |       |     6 |     1 ||     7
       Confused          |       |     1 |     9 ||    10
       Distracted        |       |     1 |       ||     1
  Eat: Royal jelly       |       |     2 |       ||     2
       Fruit             |       |     3 |       ||     3
       Bread ration      |       |       |     1 ||     1
Armor: Robe              |     1 |     5 |     6 ||    12
Dodge: Dodged            |    48 |    83 |    62 ||   193
Block: Buckler           |       |       |    19 ||    19
